[Event "Team 45 45 League T95"]
[Site "Internet Chess Club"]
[Date "2023.02.22"]
[Round "6"]
[White "LookImYourVader"]
[Black "cyborg86"]
[Result "0-1"]
[WhiteElo "1751"]
[BlackElo "2272"]
[Opening "Sicilian: Alapin's variation (2.c3)"]
[ECO "B22"]
[Time "16:33:41"]
[PlyCount "56"]
[TimeControl "2700+45"]

1. e4 c5 2. c3 Nf6 3. e5 Nd5 4. d4 cxd4 5. cxd4 d6 6. Nf3 e6 7. Bc4 Nc6 8. O-O
Be7 9. Qe2 O-O 10. Nc3 Nxc3 11. bxc3 dxe5 12. Nxe5 Nxe5 13. Qxe5 Bd7 14. Bb2 Rc8
15. Bd3 Bc6 16. Rfd1 Bf6 17. Qe2 Qd5 18. f3 Rfd8 19. Be4 Qa5 20. Rac1 a6 21. Ba1
b5 22. Bxc6 Rxc6 23. d5 exd5 24. Rxd5 Rdc8 25. Qd3 Qxa2 26. Rd6 Qa3 27. Rxc6
Qxc1+ 28. Kf2 Rxc6 {White resigns} 0-1

[Event "Team 45 45 League T95"]
[Site "Internet Chess Club"]
[Date "2023.02.19"]
[Round "6"]
[White "jfkingiii"]
[Black "VictorRed"]
[Result "0-1"]
[WhiteElo "1473"]
[BlackElo "1658"]
[Opening "French: advance, Paulsen attack"]
[ECO "B22"]
[Time "19:03:40"]
[PlyCount "102"]
[TimeControl "2700+45"]

1. e4 c5 2. c3 e6 3. d4 d5 4. e5 Nc6 5. Nf3 h6 6. Be3 Qb6 7. Qc2 c4 8. Be2 Nge7
9. g4 Bd7 10. Nbd2 Qc7 11. O-O-O b5 12. a3 a5 13. h4 b4 14. Nb1 Nc8 15. a4 b3
16. Qd2 Nb6 17. h5 Nxa4 18. g5 Nb6 19. gxh6 gxh6 20. Nh2 a4 21. Na3 Na7 22. Ng4
Nb5 23. Bxh6 Bxa3 24. Nf6+ Kd8 25. bxa3 Nxa3 26. Bg7 Nc2 27. Qg5 Kc8 28. Bxh8 a3
29. Kd2 a2 30. h6 a1=Q 31. Rxa1 Nxa1 32. h7 Ra2+ 33. Ke3 Nc2+ 34. Kf4 b2 35. Bg7
Ra1 36. h8=Q+ Kb7 37. Qg1 Na4 38. Qh7 Rxg1 39. Rxg1 Na3 40. Nxd7 Qxd7 41. Bf6
Nxc3 42. Bh5 Ne4 43. f3 Nxf6 44. exf6 Qc7+ 45. Ke3 c3 46. Rb1 Nxb1 47. Qxb1 e5
48. Kd3 Qc4+ 49. Kc2 exd4 50. Bxf7 d3+ 51. Kd1 c2+ {White resigns} 0-1

[Event "Team 45 45 League T95"]
[Site "Internet Chess Club"]
[Date "2023.02.16"]
[Round "6"]
[White "kabindra"]
[Black "jjmolina1"]
[Result "1-0"]
[WhiteElo "1723"]
[BlackElo "1511"]
[Opening "French: advance, Milner-Barry gambit"]
[ECO "C02"]
[Time "11:00:36"]
[PlyCount "65"]
[TimeControl "2700+45"]

1. e4 e6 2. d4 d5 3. e5 c5 4. c3 Nc6 5. Nf3 Qb6 6. Bd3 Bd7 7. O-O cxd4 8. cxd4
Nxd4 9. Nbd2 Nxf3+ 10. Nxf3 Rc8 11. Ng5 h6 12. Qh5 g6 13. Bxg6 fxg6 14. Qxg6+
Kd8 15. Nf7+ Kc7 16. Nxh8 Ne7 17. Qh7 Nf5 18. Nf7 Kb8 19. a4 Bg7 20. Bd2 Qd4 21.
Bc3 Qf4 22. Nd6 Rh8 23. Qg6 Bxe5 24. Bxe5 Qxe5 25. Nf7 Qxb2 26. Nxh8 Qxh8 27.
Qg4 h5 28. Qb4 h4 29. h3 Qg8 30. Rfc1 Qg7 31. Rab1 Bc8 32. Qc5 d4 33. Qxc8#
{Black checkmated} 1-0

[Event "Team 45 45 League T95"]
[Site "Internet Chess Club"]
[Date "2023.02.22"]
[Round "6"]
[White "KidRattler"]
[Black "cysk"]
[Result "1-0"]
[WhiteElo "1714"]
[BlackElo "1669"]
[Opening "Scandinavian: Pytel-Wade variation"]
[ECO "B01"]
[Time "20:17:01"]
[PlyCount "81"]
[TimeControl "2700+45"]

1. e4 d5 2. exd5 Qxd5 3. Nc3 Qd6 4. Nf3 Nf6 5. Be2 a6 6. d4 Bf5 7. Be3 Nc6 8. h3
Nb4 9. Rc1 e6 10. a3 Nbd5 11. Nxd5 exd5 12. Ne5 Nd7 13. Bf3 Nxe5 14. dxe5 Qxe5
15. Qxd5 Qxd5 16. Bxd5 c6 17. Bb3 Be7 18. O-O O-O 19. Bb6 Bf6 20. c3 Rfe8 21.
Rfe1 h6 22. f4 a5 23. Bc4 Rxe1+ 24. Rxe1 Bh4 25. Re3 a4 26. g4 Bc2 27. Kg2 Kh7
28. f5 Bg5 29. Re2 Bb3 30. Bxb3 axb3 31. Kf3 g6 32. Re4 gxf5 33. gxf5 Bc1 34.
Re2 Ra4 35. Bc7 b5 36. Rg2 c5 37. Bd6 Rc4 38. Be5 Bg5 39. Rg1 Bf6 40. Bxf6 Rh4
41. Rg7+ {Black resigns} 1-0

[Event "Team 45 45 League T95"]
[Site "Internet Chess Club"]
[Date "2023.02.15"]
[Round "6"]
[White "Lawkeito"]
[Black "ChessMaine"]
[Result "1/2-1/2"]
[WhiteElo "1695"]
[BlackElo "1482"]
[Opening "QGD: classical variation (5.Bf4)"]
[ECO "D37"]
[Time "19:00:49"]
[PlyCount "119"]
[TimeControl "2700+45"]

1. d4 d5 2. c4 e6 3. Nc3 Nf6 4. Nf3 Be7 5. Bf4 dxc4 6. e3 Nd5 7. Bg3 Nxc3 8.
bxc3 O-O 9. Bxc4 c5 10. O-O Nd7 11. Bb3 Nf6 12. Qd3 b5 13. Qxb5 Ne4 14. Qc6 Nxg3
15. Qxa8 Nxf1 16. Rxf1 Ba6 17. Qxd8 Rxd8 18. Rb1 Bd3 19. Re1 Rb8 20. Ne5 Bb5 21.
c4 Be8 22. Rd1 a5 23. Rb1 f6 24. Nd3 Bg6 25. Bc2 Rd8 26. d5 exd5 27. cxd5 c4 28.
Ne1 Bxc2 29. Nxc2 Rxd5 30. Nd4 Bb4 31. Kf1 Bc3 32. Rd1 Kf7 33. Ke2 Bxd4 34. Rxd4
Rxd4 35. exd4 Ke6 36. Kd2 Kd5 37. Kc3 f5 38. f4 g6 39. g3 h6 40. a4 g5 41. h3 g4
42. hxg4 fxg4 43. f5 h5 44. f6 Ke6 45. Kxc4 Kxf6 46. Kd3 Kf5 47. Ke3 Kg5 48. d5
Kf5 49. d6 Ke6 50. d7 Kxd7 51. Kf4 Kd6 52. Kg5 Kc5 53. Kxh5 Kb4 54. Kxg4 Kxa4
55. Kf5 Kb4 56. g4 a4 57. g5 a3 58. g6 a2 59. g7 a1=Q 60. g8=Q {Game drawn by
mutual agreement} 1/2-1/2

[Event "Team 45 45 League T95"]
[Site "Internet Chess Club"]
[Date "2023.02.22"]
[Round "6"]
[White "martineden"]
[Black "timcent"]
[Result "1/2-1/2"]
[WhiteElo "1808"]
[BlackElo "1860"]
[Opening "Catalan opening"]
[ECO "E00"]
[Time "10:12:26"]
[PlyCount "57"]
[TimeControl "2700+45"]

1. d4 Nf6 2. c4 e6 3. g3 Bb4+ 4. Bd2 Bxd2+ 5. Qxd2 d5 6. Bg2 O-O 7. Nf3 Ne4 8.
Qc2 f5 9. Nc3 c6 10. O-O Nd7 11. e3 Rf6 12. Rac1 Rh6 13. h4 Ndf6 14. Ne5 Bd7 15.
b4 Be8 16. cxd5 cxd5 17. Nxe4 Nxe4 18. Bxe4 fxe4 19. Qc7 Bh5 20. Qxb7 Rb8 21.
Qxa7 Ra8 22. Qc7 Rf6 23. Qxd8+ Rxd8 24. Rc7 Ra8 25. b5 Rxa2 26. Rb1 h6 27. b6
Rfxf2 28. b7 Rg2+ 29. Kf1 {Game drawn by mutual agreement} 1/2-1/2

[Event "Team 45 45 League T95"]
[Site "Internet Chess Club"]
[Date "2023.02.19"]
[Round "6"]
[White "JACampbell"]
[Black "fishhead"]
[Result "1-0"]
[WhiteElo "1604"]
[BlackElo "1713"]
[Opening "Sicilian: Najdorf, Lipnitzky attack"]
[ECO "B90"]
[Time "18:00:35"]
[PlyCount "111"]
[TimeControl "2700+45"]

1. e4 c5 2. Nf3 d6 3. d4 cxd4 4. Nxd4 Nf6 5. Nc3 a6 6. Bc4 Qc7 7. Bb3 e6 8. Bg5
Nbd7 9. f4 Nc5 10. Bxf6 Nxb3 11. Bxg7 Bxg7 12. axb3 Qc5 13. Nce2 b5 14. Qd3 Bb7
15. O-O-O b4 16. f5 e5 17. Nf3 Ke7 18. g4 f6 19. h4 Rhd8 20. Ng3 d5 21. Qe2 dxe4
22. Nxe4 Qc6 23. Rde1 Rd5 24. g5 Ra5 25. Kb1 Rc8 26. gxf6+ Bxf6 27. Nxf6 Qxf3
28. Qxf3 Bxf3 29. Rhf1 Kxf6 30. Rxf3 Rg8 31. c4 Rg4 32. Rd1 Rf4 33. Rg3 Kxf5 34.
Rg5+ Ke6 35. Rh5 Rf7 36. Rh6+ Ke7 37. Kc2 e4 38. Rdd6 Re5 39. Rxa6 Kf8 40. Kd2
e3+ 41. Ke1 e2 42. Rhf6 Re3 43. Rxf7+ Kxf7 44. Ra7+ Kg6 45. c5 Rxb3 46. Ra2 Re3
47. c6 Re6 48. Ra6 Kh5 49. c7 Re8 50. Rc6 Rc8 51. Rc4 b3 52. Kxe2 Kg6 53. Kd3
Kf5 54. Kc3 Ke5 55. Kxb3 Kd6 56. Kc3 {Black resigns} 1-0

[Event "Team 45 45 League T95"]
[Site "Internet Chess Club"]
[Date "2023.02.18"]
[Round "6"]
[White "Portola"]
[Black "DaveTheRook"]
[Result "1-0"]
[WhiteElo "1798"]
[BlackElo "1426"]
[Opening "Queen's pawn game"]
[ECO "A46"]
[Time "15:00:54"]
[PlyCount "87"]
[TimeControl "2700+45"]

1. d4 Nf6 2. Nf3 e6 3. c3 b6 4. Bg5 Be7 5. Nbd2 Bb7 6. e3 O-O 7. Bd3 d5 8. Qc2
Nbd7 9. e4 dxe4 10. Nxe4 Bxe4 11. Bxe4 Nxe4 12. Bxe7 Qxe7 13. Qxe4 Rfe8 14. O-O
Rad8 15. Qb7 Nf6 16. Qxa7 Ra8 17. Qb7 Qd6 18. Ne5 Nd5 19. Qc6 Qe7 20. Qc4 Rec8
21. Nf3 Qf6 22. Qd3 Nf4 23. Qe4 Ra5 24. g3 Rf5 25. Nh4 Nh3+ 26. Kg2 Rxf2+ 27.
Rxf2 Nxf2 28. Qe2 g5 29. Nf3 Ng4 30. h3 Nh6 31. g4 Qf4 32. Rf1 Qd6 33. Qe5 Qc6
34. Qxg5+ Kh8 35. Qxh6 Rg8 36. Kg1 Qd6 37. Qf6+ Rg7 38. Ne5 Kg8 39. Rf3 Qd5 40.
Nxf7 h5 41. g5 Qe4 42. Qd8+ Kh7 43. Qh8+ Kg6 44. Qh6# {Black checkmated} 1-0

[Event "Team 45 45 League T95"]
[Site "Internet Chess Club"]
[Date "2023.02.17"]
[Round "6"]
[White "MichaelIC"]
[Black "janh"]
[Result "0-1"]
[WhiteElo "2033"]
[BlackElo "1979"]
[Opening "QGD: exchange, positional line"]
[ECO "D35"]
[Time "23:10:06"]
[PlyCount "52"]
[TimeControl "2700+45"]

1. d4 d5 2. c4 e6 3. Nc3 Nf6 4. cxd5 exd5 5. Bg5 Be7 6. e3 O-O 7. Bd3 Re8 8. Qc2
Nbd7 9. Nge2 Nf8 10. O-O c6 11. f3 Nh5 12. Bxe7 Rxe7 13. e4 dxe4 14. fxe4 Be6
15. Rad1 Rc8 16. Qa4 a6 17. d5 cxd5 18. exd5 Bd7 19. Qh4 g6 20. Qf2 f5 21. d6
Rg7 22. Nd5 Nf6 23. Ne7+ Rxe7 24. dxe7 Qxe7 25. Nf4 Ng4 26. Qd4 Qe3+ {White
resigns} 0-1

[Event "Team 45 45 League T95"]
[Site "Internet Chess Club"]
[Date "2023.02.19"]
[Round "6"]
[White "BuddyT"]
[Black "Tufnell"]
[Result "1/2-1/2"]
[WhiteElo "1742"]
[BlackElo "1937"]
[Opening "Sicilian: Alapin's variation (2.c3)"]
[ECO "B22"]
[Time "11:00:26"]
[PlyCount "52"]
[TimeControl "2700+45"]

1. e4 c5 2. c3 Nf6 3. e5 Nd5 4. d4 cxd4 5. Nf3 Nc6 6. Bc4 Nb6 7. Bb3 d5 8. exd6
Qxd6 9. O-O Be6 10. Bxe6 Qxe6 11. Nxd4 Nxd4 12. Qxd4 Rd8 13. Qf4 Qc4 14. Qxc4
Nxc4 15. b3 Ne5 16. Bf4 Nc6 17. Nd2 e5 18. Be3 f5 19. g3 Be7 20. Rad1 Kf7 21.
Nc4 Ke6 22. a4 g5 23. f3 h5 24. h3 a6 25. Bb6 Rxd1 26. Rxd1 Rc8 {Game drawn by
mutual agreement} 1/2-1/2

[Event "Team 45 45 League T95"]
[Site "Internet Chess Club"]
[Date "2023.02.18"]
[Round "6"]
[White "ElValero"]
[Black "fireball"]
[Result "1-0"]
[WhiteElo "1686"]
[BlackElo "1482"]
[Opening "French: exchange variation"]
[ECO "C01"]
[Time "10:01:19"]
[PlyCount "127"]
[TimeControl "2700+45"]

1. e4 e6 2. d4 d5 3. exd5 exd5 4. c4 dxc4 5. Bxc4 Nf6 6. Nf3 Bb4+ 7. Nc3 O-O 8.
O-O Bg4 9. Be2 Nbd7 10. Bg5 c6 11. Qb3 Bxc3 12. bxc3 b6 13. h3 Bh5 14. g4 Bg6
15. Ne5 Qc7 16. Nxg6 hxg6 17. Bh4 Ne4 18. Qc2 Nef6 19. Bg3 Qd8 20. Bf3 Rc8 21.
Qa4 a5 22. Bxc6 Nb8 23. Bxb8 Rxb8 24. Qb5 Qd6 25. Rfe1 Rfc8 26. d5 Rc7 27. Rad1
Nd7 28. Qe2 Rd8 29. c4 Nc5 30. Qe5 Qxe5 31. Rxe5 f6 32. Re8+ Rxe8 33. Bxe8 Kh7
34. d6 Rc8 35. d7 Rd8 36. Rd6 g5 37. Kg2 Kg8 38. Kf3 Kf8 39. Ke3 Ke7 40. Rxb6
Nxd7 41. Bxd7 Rxd7 42. Ra6 Rc7 43. Kd4 Rd7+ 44. Kc5 Rd2 45. Rxa5 Rxf2 46. Ra3
Rb2 47. Kc6 Rb4 48. c5 Rc4 49. Ra7+ Kf8 50. Kd6 Ke8 51. Ra8+ Kf7 52. c6 Rd4+ 53.
Kc5 Rd1 54. Ra6 Ke7 55. Kb6 Rb1+ 56. Kc7 Rc1 57. Kb7 Rb1+ 58. Rb6 Rc1 59. Kc8
Kd6 60. c7+ Ke7 61. a4 Rc5 62. a5 Rxa5 63. Kb8 Rc5 64. c8=Q {Black resigns} 1-0

[Event "Team 45 45 League T95"]
[Site "Internet Chess Club"]
[Date "2023.02.17"]
[Round "6"]
[White "WillC"]
[Black "jfkingiii"]
[Result "1-0"]
[WhiteElo "1585"]
[BlackElo "1482"]
[Opening "Queen's pawn game, Darooha variation "]
[ECO "D02"]
[Time "16:03:52"]
[PlyCount "55"]
[TimeControl "2700+45"]

1. d4 d5 2. Nf3 Nf6 3. b3 c5 4. e3 cxd4 5. exd4 Bf5 6. Bb2 Nc6 7. Be2 e6 8. O-O
Bd6 9. Nbd2 O-O 10. a3 Re8 11. Ne5 Qc7 12. f4 Rac8 13. Rc1 Nd7 14. c4 f6 15.
Nxc6 bxc6 16. g3 Qb8 17. c5 Bc7 18. b4 Bh3 19. Rf2 e5 20. fxe5 fxe5 21. Bg4 Bxg4
22. Qxg4 Rcd8 23. Rcf1 e4 24. Rf7 g6 25. Rxd7 Rxd7 26. Qxd7 Bxg3 27. Rf7 Bxh2+
28. Kh1 {Black resigns} 1-0

[Event "Team 45 45 League T95"]
[Site "Internet Chess Club"]
[Date "2023.02.19"]
[Round "6"]
[White "kabindra"]
[Black "evan7284"]
[Result "0-1"]
[WhiteElo "1700"]
[BlackElo "1584"]
[Opening "Giuoco Piano"]
[ECO "C50"]
[Time "14:00:59"]
[PlyCount "39"]
[TimeControl "2700+45"]

1. e4 e5 2. Bc4 Nc6 3. Nf3 Bc5 4. O-O d6 5. d4 Bxd4 6. c3 Bb6 7. b4 Nf6 8. a4 a6
9. a5 Ba7 10. Be3 Bxe3 11. fxe3 O-O 12. Nbd2 Be6 13. Bxe6 fxe6 14. Ng5 Qe7 15.
Qb3 Rae8 16. b5 axb5 17. Qxb5 Nd8 18. Qc4 Ng4 19. Qe2 Qxg5 20. Rae1 {White
resigns} 0-1

[Event "Team 45 45 League T95"]
[Site "Internet Chess Club"]
[Date "2023.02.19"]
[Round "6"]
[White "BrerRabbit"]
[Black "jjmolina1"]
[Result "0-1"]
[WhiteElo "1310"]
[BlackElo "1519"]
[Opening "Queen's pawn game"]
[ECO "A46"]
[Time "11:02:48"]
[PlyCount "74"]
[TimeControl "2700+45"]

1. d4 Nf6 2. Nf3 e6 3. g3 d5 4. Bg2 Be7 5. O-O b6 6. c4 Bb7 7. Nc3 O-O 8. cxd5
exd5 9. Ne5 c6 10. Qa4 b5 11. Qc2 Qb6 12. Rd1 Na6 13. a3 Nc7 14. Bg5 Ne6 15. Be3
Qd8 16. Na2 Rc8 17. b4 Nd7 18. Nxd7 Qxd7 19. Nc1 Bd6 20. Nb3 Bc7 21. Rac1 Bb6
22. Bh3 Rfe8 23. Bxe6 Rxe6 24. Bf4 Qe7 25. Be3 Qd7 26. Bf4 Qe8 27. Be3 Re4 28.
Rd2 Qd7 29. Kg2 Rce8 30. Bf4 R4e6 31. Qd3 Re4 32. f3 R4e6 33. g4 Rg6 34. Bg3
Rge6 35. Kf1 Qe7 36. Rcc2 Re3 37. Qf5 Rxb3 {White resigns} 0-1

[Event "Team 45 45 League T95"]
[Site "Internet Chess Club"]
[Date "2023.02.26"]
[Round "6"]
[White "jonesey"]
[Black "clarinetref"]
[Result "1-0"]
[WhiteElo "1874"]
[BlackElo "1498"]
[Opening "French: Rubinstein variation"]
[ECO "C10"]
[Time "18:01:02"]
[PlyCount "67"]
[TimeControl "2700+45"]

1. e4 e6 2. d4 d5 3. Nc3 dxe4 4. Nxe4 Nd7 5. Nf3 Ngf6 6. Nxf6+ Nxf6 7. Bd3 Be7
8. Ne5 O-O 9. O-O c5 10. dxc5 Bxc5 11. Bg5 Be7 12. Qf3 Qd5 13. Rfe1 Qxf3 14.
Nxf3 Nd5 15. Bxe7 Nxe7 16. Rad1 Nd5 17. Bc4 Nf6 18. Ne5 a6 19. a4 b6 20. Rd6 Rb8
21. Nc6 Ra8 22. Ne7+ Kh8 23. Rxb6 Bd7 24. a5 Rfe8 25. Nc6 Nd5 26. Bxd5 exd5 27.
Rxe8+ Rxe8 28. Kf1 h6 29. Rxa6 Rc8 30. Nd4 Rb8 31. Rb6 Ra8 32. a6 Bc8 33. a7 Kh7
34. Nb5 {Black resigns} 1-0

[Event "Team 45 45 League T95"]
[Site "Internet Chess Club"]
[Date "2023.02.18"]
[Round "6"]
[White "Electryon"]
[Black "ghowell"]
[Result "0-1"]
[WhiteElo "1467"]
[BlackElo "1637"]
[Opening "English: Bremen, Smyslov system"]
[ECO "A22"]
[Time "13:00:23"]
[PlyCount "138"]
[TimeControl "2700+45"]

1. c4 e5 2. Nc3 Nf6 3. g3 Bb4 4. e4 Bxc3 5. dxc3 O-O 6. Bg2 d6 7. Ne2 b6 8. O-O
Bb7 9. Qd3 h6 10. h3 Nbd7 11. Be3 Nc5 12. Bxc5 bxc5 13. g4 Qd7 14. Ng3 Qe6 15.
b4 Ba6 16. b5 Bb7 17. a4 a6 18. Nf5 Rfd8 19. Ne3 c6 20. bxc6 Bxc6 21. Nd5 Rab8
22. Rfb1 Qd7 23. a5 Nxd5 24. exd5 Ba8 25. Rb6 Rb7 26. Rxa6 Rdb8 27. Rb6 Qd8 28.
Rab1 Rxb6 29. Rxb6 Rxb6 30. axb6 Qxb6 31. Be4 Qb2 32. Qb1 Qxb1+ 33. Bxb1 g5 34.
Bf5 Bb7 35. Bd7 Ba6 36. Bb5 Bc8 37. Kg2 Kg7 38. f3 Kg6 39. Be8 Kg7 40. Kf2 f5
41. Ke3 Kf6 42. Kd3 e4+ 43. Ke3 Ke5 44. Bg6 f4+ 45. Ke2 exf3+ 46. Kxf3 Ba6 47.
Bd3 Bc8 48. Bc2 Bd7 49. Bg6 Ba4 50. Bd3 Be8 51. Bc2 h5 52. Bd3 hxg4+ 53. Kxg4
Kf6 54. h4 Bd7+ 55. Kf3 Bf5 56. hxg5+ Kxg5 57. Bf1 Bg4+ 58. Kf2 Bd1 59. Be2 Bxe2
60. Kxe2 Kg4 61. Kf2 f3 62. Kf1 Kf4 63. Kf2 Ke4 64. Kf1 Kd3 65. Kf2 Kxc3 66.
Kxf3 Kxc4 67. Ke4 Kb3 68. Kd3 c4+ 69. Kd2 Kb2 {White resigns} 0-1

[Event "Team 45 45 League T95"]
[Site "Internet Chess Club"]
[Date "2023.02.15"]
[Round "6"]
[White "keithuws1"]
[Black "DaveTheRook"]
[Result "1/2-1/2"]
[WhiteElo "1332"]
[BlackElo "1429"]
[Opening "Robatsch defense: Geller's system"]
[ECO "B06"]
[Time "19:01:38"]
[PlyCount "50"]
[TimeControl "2700+45"]

1. e4 g6 2. d4 Bg7 3. Nf3 d6 4. c3 Nf6 5. Bd3 O-O 6. Bg5 c6 7. O-O Nbd7 8. Nbd2
Qc7 9. Qe2 e5 10. dxe5 dxe5 11. b4 Re8 12. a4 Nf8 13. Bc4 Be6 14. Rfd1 h6 15.
Bxf6 Bxf6 16. Qe3 Bg7 17. Bxe6 Nxe6 18. Nc4 b6 19. Rd2 Rad8 20. Rad1 Rxd2 21.
Rxd2 Rd8 22. h4 f6 23. h5 g5 24. Nh2 Rxd2 25. Qxd2 Qd8 {Game drawn by mutual
agreement} 1/2-1/2

[Event "Team 45 45 League T95"]
[Site "Internet Chess Club"]
[Date "2023.02.18"]
[Round "6"]
[White "herrahuu"]
[Black "natalieH"]
[Result "1-0"]
[WhiteElo "1465"]
[BlackElo "1108"]
[Opening "Scotch: Potter variation"]
[ECO "C45"]
[Time "12:00:36"]
[PlyCount "45"]
[TimeControl "2700+45"]

1. e4 e5 2. Nf3 Nc6 3. d4 exd4 4. Nxd4 Bc5 5. Nb3 Bb6 6. Nc3 Nf6 7. f3 O-O 8.
Bf4 d6 9. Qd2 Be6 10. O-O-O a6 11. g4 Na5 12. h4 Nd7 13. h5 Ne5 14. Be2 Nxb3+
15. axb3 Qd7 16. Bxe5 dxe5 17. Qxd7 Bxd7 18. Rxd7 Rad8 19. Rhd1 Rxd7 20. Rxd7 g6
21. Nd5 Rb8 22. Nxc7 Bxc7 23. Rxc7 {Black resigns} 1-0

[Event "Team 45 45 League T95"]
[Site "Internet Chess Club"]
[Date "2023.02.20"]
[Round "6"]
[White "Lawkeito"]
[Black "VictorRed"]
[Result "1/2-1/2"]
[WhiteElo "1693"]
[BlackElo "1660"]
[Opening "QGD Slav defense"]
[ECO "D10"]
[Time "19:04:03"]
[PlyCount "95"]
[TimeControl "2700+45"]

1. d4 d5 2. c4 c6 3. Nc3 Nf6 4. e3 g6 5. Nf3 Bg7 6. Be2 O-O 7. O-O Re8 8. Ne5
Nbd7 9. cxd5 Nxd5 10. Nxd7 Nxc3 11. bxc3 Bxd7 12. e4 e5 13. d5 cxd5 14. exd5 e4
15. Qb3 b6 16. Be3 Rc8 17. Rac1 Kh8 18. Rfd1 f5 19. Bd4 f4 20. Bxg7+ Kxg7 21. c4
Rc5 22. Rd4 Qf6 23. Qc3 b5 24. Rdd1 bxc4 25. Qxf6+ Kxf6 26. Rxc4 Rxc4 27. Bxc4
Rc8 28. Bb3 Ke5 29. h3 Rc5 30. Kf1 a5 31. d6 a4 32. Bxa4 Bxa4 33. d7 Bxd7 34.
Rxd7 Ra5 35. Rd2 h5 36. Ke2 g5 37. Rb2 g4 38. hxg4 hxg4 39. Rd2 Ra4 40. Rb2 Kd4
41. Kd2 g3 42. fxg3 fxg3 43. Ke2 Ke5 44. Rb5+ Kf4 45. Rb2 Ra3 46. Rc2 Re3+ 47.
Kd2 Rd3+ 48. Ke2 {Game drawn by mutual agreement} 1/2-1/2

[Event "Team 45 45 League T95"]
[Site "Internet Chess Club"]
[Date "2023.02.18"]
[Round "6"]
[White "walkover"]
[Black "manfredo"]
[Result "1-0"]
[WhiteElo "1707"]
[BlackElo "1499"]
[Opening "King's Indian defense"]
[ECO "E60"]
[Time "13:01:37"]
[PlyCount "81"]
[TimeControl "2700+45"]

1. d4 Nf6 2. c4 g6 3. f3 Nc6 4. e4 e5 5. d5 Nd4 6. Nc3 c5 7. Bg5 h6 8. Be3 Bg7
9. Qd2 Qa5 10. Rd1 d6 11. Nge2 Bd7 12. Nc1 g5 13. Nd3 Nh5 14. Rb1 Nf4 15. Bxf4
gxf4 16. b4 cxb4 17. Rxb4 Rb8 18. Ne2 Nxe2 19. Bxe2 Qd8 20. O-O Qg5 21. Rfb1 b6
22. a4 Bf6 23. Nf2 h5 24. a5 Bd8 25. Kh1 Rg8 26. Bf1 h4 27. h3 Rc8 28. Ng4 Rc5
29. axb6 Bxb6 30. Rxb6 axb6 31. Rxb6 Ke7 32. Rb7 Rgc8 33. Qa2 R5c7 34. Qa7 Rxb7
35. Qxb7 f5 36. Nf2 Qg3 37. Kg1 fxe4 38. Nxe4 Qe1 39. c5 dxc5 40. Qb6 Ra8 41.
Qf6+ {Black resigns} 1-0

[Event "Team 45 45 League T95"]
[Site "Internet Chess Club"]
[Date "2023.02.19"]
[Round "6"]
[White "fvafier"]
[Black "xingon"]
[Result "1-0"]
[WhiteElo "1517"]
[BlackElo "1329"]
[Opening "King's Indian: Petrosian system, main line"]
[ECO "E93"]
[Time "12:13:52"]
[PlyCount "57"]
[TimeControl "2700+45"]

1. d4 Nf6 2. Nf3 g6 3. c4 Bg7 4. Nc3 O-O 5. e4 d6 6. Be2 e5 7. d5 Nbd7 8. O-O
Nc5 9. Qc2 a5 10. Be3 b6 11. h3 Nh5 12. Nd2 Nf4 13. Bxf4 exf4 14. a3 Qg5 15. Nf3
Qf6 16. Rab1 h5 17. Nb5 Qd8 18. b4 axb4 19. axb4 Nd7 20. Nfd4 Bb7 21. Qd2 Bxd4
22. Nxd4 g5 23. Bxh5 Nf6 24. Bf3 g4 25. hxg4 Bc8 26. Qxf4 Kg7 27. Qg5+ Kh7 28.
Nc6 Qd7 29. Qxf6 {Black resigns} 1-0

[Event "Team 45 45 League T95"]
[Site "Internet Chess Club"]
[Date "2023.02.20"]
[Round "6"]
[White "pandaknight"]
[Black "Denis240964"]
[Result "0-1"]
[WhiteElo "1189"]
[BlackElo "1357"]
[Opening "English: three knights system"]
[ECO "A27"]
[Time "19:08:23"]
[PlyCount "88"]
[TimeControl "2700+45"]

1. c4 e5 2. Nc3 Nc6 3. Nf3 d6 4. g3 Nf6 5. d3 Be7 6. Bg2 O-O 7. O-O Ne8 8. a3 f5
9. e3 Nf6 10. b4 e4 11. dxe4 fxe4 12. Ng5 Ne5 13. Ncxe4 Nxc4 14. Nxf6+ Bxf6 15.
Qd5+ Kh8 16. Nf7+ Rxf7 17. Qxf7 Bxa1 18. Qxc4 Bf6 19. Bd2 c6 20. Bc3 d5 21. Bxf6
Qxf6 22. Qd4 Qxd4 23. exd4 Kg8 24. Re1 Kf7 25. f4 Be6 26. Kf2 a5 27. Rb1 b5 28.
bxa5 Rxa5 29. Rb3 Ke7 30. Bf3 Kd6 31. Ke3 Ra4 32. Bd1 Rc4 33. g4 g6 34. h4 Rc1
35. Kd2 Rc4 36. Rd3 c5 37. dxc5+ Kxc5 38. Rc3 d4 39. Rxc4+ bxc4 40. g5 Kd5 41.
Bf3+ Kc5 42. Kc2 Bf5+ 43. Kd2 c3+ 44. Kc1 d3 {White resigns} 0-1

[Event "Team 45 45 League T95"]
[Site "Internet Chess Club"]
[Date "2023.02.23"]
[Round "6"]
[White "fhunfi"]
[Black "elmaestro"]
[Result "1/2-1/2"]
[WhiteElo "1721"]
[BlackElo "1570"]
[Opening "Petrov: Nimzovich attack"]
[ECO "C42"]
[Time "20:17:06"]
[PlyCount "112"]
[TimeControl "2700+45"]

1. e4 e5 2. Nf3 Nf6 3. Nxe5 d6 4. Nf3 Nxe4 5. Nc3 Nxc3 6. dxc3 Bg4 7. Be3 Be7 8.
h3 Bh5 9. Bd3 Nc6 10. g4 Bg6 11. Qd2 Bxd3 12. Qxd3 Qd7 13. O-O-O O-O-O 14. Bf4
h6 15. Kb1 g5 16. Be3 Rhf8 17. Nd4 Nxd4 18. Qxd4 b6 19. f4 f5 20. Rdg1 fxg4 21.
hxg4 gxf4 22. Bxf4 Bg5 23. Bxg5 hxg5 24. Qd5 Qg7 25. Rf1 Kb8 26. Rf5 Rxf5 27.
gxf5 Qf6 28. a3 Rf8 29. Re1 Qf7 30. Qxf7 Rxf7 31. Rf1 Rf6 32. Kc1 Kc8 33. Kd2
Kd7 34. Ke3 Ke7 35. Ke4 Rf7 36. Rh1 Rg7 37. Kf3 g4+ 38. Kf4 g3 39. Rg1 g2 40.
Kf3 Kf6 41. Rxg2 Rxg2 42. Kxg2 Kxf5 43. Kf3 a5 44. Ke3 Ke5 45. Kf3 b5 46. Ke3 c5
47. Kf3 d5 48. Ke3 d4+ 49. cxd4+ cxd4+ 50. Kd3 Kd5 51. c3 dxc3 52. Kxc3 Kc5 53.
b4+ axb4+ 54. axb4+ Kd5 55. Kd3 Ke5 56. Ke3 Kd5 {Game drawn by mutual agreement}
1/2-1/2

[Event "Team 45 45 League T95"]
[Site "Internet Chess Club"]
[Date "2023.02.16"]
[Round "6"]
[White "burlap"]
[Black "fireball"]
[Result "1/2-1/2"]
[WhiteElo "1276"]
[BlackElo "1490"]
[Opening "Dutch"]
[ECO "A80"]
[Time "20:00:36"]
[PlyCount "58"]
[TimeControl "2700+45"]

1. d4 f5 2. Bf4 g6 3. e3 Bg7 4. Bd3 Nf6 5. Nd2 d5 6. h3 O-O 7. Ngf3 Ne4 8. Ne5
Nc6 9. Nxc6 bxc6 10. c3 Rb8 11. Rb1 Re8 12. Nxe4 dxe4 13. Bc4+ Kh8 14. O-O e5
15. dxe5 Qxd1 16. Rfxd1 Be6 17. Bxe6 Rxe6 18. Rd7 Bxe5 19. Bxe5+ Rxe5 20. Rxc7
Reb5 21. b4 c5 22. Rxa7 cxb4 23. cxb4 Rxb4 24. Rxb4 Rxb4 25. Kf1 Rb1+ 26. Ke2
Rb2+ 27. Kf1 Rb1+ 28. Ke2 Rb2+ 29. Kf1 Rb1+ {Game drawn by repetition} 1/2-1/2

[Event "Team 45 45 League T95"]
[Site "Internet Chess Club"]
[Date "2023.02.16"]
[Round "6"]
[White "vollmerj"]
[Black "jcule"]
[Result "1/2-1/2"]
[WhiteElo "1517"]
[BlackElo "1349"]
[Opening "Réti: King's Indian attack (Barcza system)"]
[ECO "A07"]
[Time "17:02:47"]
[PlyCount "61"]
[TimeControl "2700+45"]

1. Nf3 d5 2. g3 c6 3. Bg2 Nf6 4. b3 g6 5. Bb2 Bg7 6. O-O O-O 7. d3 Bg4 8. Nbd2
Nbd7 9. e4 Bxf3 10. Bxf3 dxe4 11. Nxe4 Nxe4 12. Bxg7 Kxg7 13. Bxe4 Nf6 14. Bg2
Kg8 15. Re1 Re8 16. Qe2 Qd4 17. Qe5 Qxe5 18. Rxe5 Rad8 19. Rae1 e6 20. Ra5 a6
21. Rae5 Rd6 22. a4 Nd7 23. R5e4 Rd8 24. Rb4 b6 25. Rc4 c5 26. Rce4 Nf6 27. R4e2
a5 28. Re5 Ng4 29. R5e2 Rd4 30. h3 Nf6 31. Re5 {Game drawn by mutual agreement}
1/2-1/2